 Dungeon Crawl Stone Soup version 0.24-a0-131-g11e5bb6019 (webtiles) character file.

Game seed: 0

695036 Morbidden the Warrior (level 27, 0/234 HPs)
             Began as a Vine Stalker Fighter on Feb 18, 2019.
             Was the Champion of Cheibriados.
             Killed from afar by a shadow dragon (21 damage)
             ... with a bolt of negative energy
             ... on level 2 of the Realm of Zot on Feb 27, 2019.
             The game lasted 03:53:11 (60252 turns).

Morbidden the Warrior (Vine Stalker Fighter)       Turns: 60252, Time: 03:53:11

Health: 0/234      AC: 16    Str: 45    XL:     27
Magic:  0/50       EV: 18    Int: 30    God:    Cheibriados [******]
Gold:   4618       SH:  0    Dex: 30    Spells: 30/62 levels left

rFire    + + .     SeeInvis .     - Unarmed
rCold    x . .     Gourm    .   (shield currently unavailable)
rNeg     . . .     Faith    .   (armour currently unavailable)
rPois    +         Spirit   +   (helmet currently unavailable)
rElec    +         Reflect  .   (cloak currently unavailable)
rCorr    .         Harm     .   (gloves currently unavailable)
MR       +++..                  (boots currently unavailable)
Stlth    ++++++....             S - amulet "Vuerotwo" {rPois Regen+}
HPRegen  2.69/turn              v - ring of Conformity {rElec MP+9}
MPRegen  0.32/turn              F - +4 ring of slaying

@: lethally poisoned (0 -> 0), dragon-form, flying, very slightly contaminated,
regenerating, studying 2 skills, lightly drained, very slow
A: giant, low mp 1, regeneration 2, weak 2, wild magic 1, magic shield, no
potion heal 3, rot immunity
}: 5/15 runes: barnacled, slimy, silver, abyssal, gossamer
a: End Transformation, Bend Time, Temporal Distortion, Slouch, Step From Time,
Renounce Religion, Breathe Fire


You were on level 2 of the Realm of Zot.
You worshipped Cheibriados.
Cheibriados was exalted by your worship.
You were very hungry.
You were a fearsome dragon!
You visited 11 branches of the dungeon, and saw 54 of its levels.
You visited the Abyss 1 time.
You also visited: Bailey, Gauntlet and Volcano.

You collected 11061 gold pieces.
You spent 6443 gold pieces at shops.

Inventory:

Hand Weapons
 y - the +7 scimitar "Enewuory" {slice, MP+9 Str+2 Dex+4, unknown}
   (You found it on level 1 of the Realm of Zot)

   It inflicts extra damage upon your enemies.
   It affects your strength (+2).
   It affects your dexterity (+4).
   It affects your magic capacity (+9).
 A - a +9 vampiric long sword (melded)
Missiles
 E - 17 throwing nets
 J - 27 silver javelins (quivered)
 Y - 20 javelins of returning
Armour
 B - the +2 helmet "Cajo" {rC+ Int+5}
   (You found it on level 1 of the Vaults)

   It affects your intelligence (+5).
   It protects you from cold.
 H - a +1 cloak (melded)
 U - the +1 pair of gloves "Qynuhuc" (melded) {rPois Regen+}
   (You found it on level 1 of the Depths)

   It protects you from poison.
   It increases your rate of regeneration.
 V - the +2 shield of Bued Juv (melded) {rN+ Dex+3}
   (You bought it in a shop on level 2 of the Orcish Mines)

   It affects your dexterity (+3).
   It protects you from negative energy.
 W - +9 pearl dragon scales (melded)
 X - a +1 pair of boots of flying (melded)
Jewellery
 v - the ring of Conformity (left foreclaw) {rElec MP+9}
   (You acquired it in a bailey)

   [ring of magical power]

   It insulates you from electricity.
   It affects your magic capacity (+9).
 x - an uncursed ring of resist corrosion
 F - a +4 ring of slaying (right foreclaw)
 L - the amulet "Hyezant" {Faith rPois Dex+6 Stlth+}
   (You found it on level 5 of the Pits of Slime)

   [amulet of faith]

   It allows you to gain divine favour quickly.
   It affects your dexterity (+6).
   It protects you from poison.
   It makes you more stealthy.
 S - the amulet "Vuerotwo" (around neck) {rPois Regen+}
   (You found it on level 4 of the Shoals)

   [amulet of regeneration]

   It protects you from poison.
   It increases your rate of regeneration.
Wands
 b - a wand of flame (55)
 j - a wand of iceblast (21)
 s - a wand of disintegration (45)
 C - a wand of digging (15)
 K - a wand of acid (57)
Scrolls
 a - 2 scrolls of brand weapon
 c - 2 scrolls of holy word
 g - 18 scrolls of teleportation
 h - 6 scrolls of magic mapping
 r - 6 scrolls of fear
 t - 13 scrolls of amnesia
 w - 27 scrolls of remove curse
 M - 5 scrolls of blinking
 O - 5 scrolls of silence
Potions
 d - 7 potions of might
 e - 4 potions of magic
 k - 5 potions of cancellation
 m - 11 potions of lignification
 n - 9 potions of brilliance
 o - 19 potions of curing
 q - 11 potions of flight
 u - 10 potions of ambrosia
 D - 4 potions of resistance
 G - 3 potions of invisibility
 N - 11 potions of agility
Books
 p - a manual of
Armour
 Q - a manual of Stealth
Miscellaneous
 i - a lamp of fire
 z - a phial of floods
 P - 6 boxes of beasts
 R - a sack of spiders
Comestibles
 f - 57 rations


   Skills:
 + Level 19.7(18.9) Fighting
 - Level 14.0(13.2) Long Blades
 * Level 13.3(12.6) Armour
 + Level 14.4(13.6) Dodging
 + Level 14.2(13.5) Stealth
 - Level 15.0(14.2) Shields
 + Level 16.7(15.9) Unarmed Combat
 + Level 18.1(17.4) Spellcasting
 * Level 13.4(12.7) Conjurations
 + Level 4.5(3.9) Charms
 * Level 6.0(5.4) Necromancy
 + Level 17.0(16.2) Transmutations
 - Level 0.5(0.0) Ice Magic
 - Level 12.9(12.2) Invocations
 + Level 4.5(3.9) Evocations


You had 30 spell levels left.
You knew the following spells:

 Your Spells              Type           Power        Failure   Level  Hunger
a - Ice Form              Ice/Tmut       #######.     1%          4    None
b - Hydra Form            Tmut           ########..   1%          6    ##.....
c - Blade Hands           Tmut           ########..   1%          5    None
d - Orb of Destruction    Conj           #######...   12%         7    ####...
e - Dragon Form           Tmut           ########..   3%          7    ####...
z - Regeneration          Chrm/Necr      ######....   1%          3    None

Your spell library contained the following spells:

 Spells                   Type           Power        Failure   Level  Hunger
 Animate Skeleton         Necr           N/A          1%          1    None
 Beastly Appendage        Tmut           ######       1%          1    None
 Flame Tongue             Conj/Fire      #####        1%          1    None
 Magic Dart               Conj           ####         1%          1    None
 Pain                     Necr           ####         1%          1    None
 Shock                    Conj/Air       ####         1%          1    None
 Sting                    Conj/Pois      ####         1%          1    None
 Corpse Rot               Necr           N/A          1%          2    None
 Passwall                 Tmut/Erth      #######.     1%          2    None
 Sticks to Snakes         Tmut           ########     1%          2    None
 Sublimation of Blood     Necr           ######....   1%          2    None
 Throw Flame              Conj/Fire      ######       1%          2    None
 Throw Frost              Conj/Ice       ######       1%          2    None
 Conjure Flame            Conj/Fire      ######..     1%          3    None
 Dazzling Spray           Conj/Hex       ######       1%          3    None
 Ignite Poison            Fire/Tmut/Pois ######..     1%          3    None
 Mephitic Cloud           Conj/Pois/Air  ######..     1%          3    None
 Spider Form              Tmut/Pois      #######...   1%          3    None
 Static Discharge         Conj/Air       ######..     1%          3    None
 Stone Arrow              Conj/Erth      ######       1%          3    None
 Vampiric Draining        Necr           ######....   1%          3    None
 Petrify                  Tmut/Erth      #######.     1%          4    None
 Irradiate                Conj/Tmut      #######...   1%          5    None
 Swiftness                Chrm/Air       #####...     2%          2    None
 Force Lance              Conj/Tloc      ######..     2%          4    None
 Sticky Flame             Conj/Fire      ######..     2%          4    None
 Throw Icicle             Conj/Ice       ######..     2%          4    None
 Bolt of Draining         Conj/Necr      #######...   2%          5    None
 Apportation              Tloc           ####..       3%          1    None
 Confusing Touch          Hex            ####..       3%          1    None
 Corona                   Hex            ####...      3%          1    None
 Freeze                   Ice            ####         3%          1    None
 Sandblast                Erth           ####..       3%          1    None
 Summon Small Mammal      Summ           ####         3%          1    None
 Animate Dead             Necr           N/A          3%          4    None
 Alistair's Intoxication  Tmut/Pois      #######.     3%          5    None
 Iskenderun's Battlesphe  Conj/Chrm      #######.     3%          5    None
 Yara's Violent Unravell  Hex/Tmut       #######...   3%          5    None
 Blink                    Tloc           N/A          4%          2    None
 Call Imp                 Summ           ####....     4%          2    None
 Ensorcelled Hibernation  Hex/Ice        ####..       4%          2    None
 Poisonous Vapours        Pois/Air       ####..       4%          2    None
 Slow                     Hex            ####....     4%          2    None
 Ozocubu's Armour         Chrm/Ice       #####...     4%          3    None
 Fireball                 Conj/Fire      ######....   5%          5    None
 Lightning Bolt           Conj/Air       ######....   5%          5    None
 Venom Bolt               Conj/Pois      ######....   5%          5    None
 Call Canine Familiar     Summ           ####....     8%          3    None
 Confuse                  Hex            ####....     8%          3    None
 Gell's Gravitas          Tloc           ####......   8%          3    None
 Inner Flame              Hex/Fire       ####....     8%          3    None
 Lesser Beckoning         Tloc           ####......   8%          3    None
 Portal Projectile        Hex/Tloc       ####..       8%          3    None
 Recall                   Summ/Tloc      N/A          8%          3    None
 Summon Guardian Golem    Hex/Summ       ####....     8%          3    None
 Teleport Other           Tloc           ####....     8%          3    None
 Tukima's Dance           Hex            ####....     8%          3    None
 Bolt of Magma            Conj/Fire/Erth ######....   12%         5    None
 Borgnjor's Vile Clutch   Necr/Erth      ######....   21%         5    None
 Airstrike                Air            ####......   22%         4    None
 Cause Fear               Hex            ####......   22%         4    None
 Leda's Liquefaction      Hex/Erth       ####......   22%         4    None
 Olgreb's Toxic Radiance  Pois           ####....     22%         4    None
 Passage of Golubria      Tloc           N/A          22%         4    None
 Summon Ice Beast         Ice/Summ       ####....     22%         4    None
 Summon Lightning Spire   Summ/Air       ####....     22%         4    None
 Bolt of Cold             Conj/Ice       ######....   26%         6    ##.....
 Bolt of Fire             Conj/Fire      ######....   26%         6    ##.....
 Conjure Ball Lightning   Conj/Air       ######....   26%         6    ##.....
 Iron Shot                Conj/Erth      ######....   26%         6    ##.....
 Aura of Abjuration       Summ           ####......   50%         5    None
 Lee's Rapid Deconstruct  Erth           ####......   50%         5    None
 Metabolic Englaciation   Hex/Ice        ####......   50%         5    None
 Silence                  Hex/Air        ####......   50%         5    None
 Summon Demon             Summ           ####......   50%         5    None
 Summon Forest            Summ/Tloc      ####......   50%         5    None
 Summon Mana Viper        Hex/Summ       ####....     50%         5    None
 Freezing Cloud           Conj/Ice/Air   ######....   50%         6    ##.....
 Simulacrum               Ice/Necr       ######....   71%         6    ##.....
 Spellforged Servitor     Conj/Summ      ######....   78%         7    ####...
 Deflect Missiles         Chrm/Air       #####.....   80%         6    ##.....
 Necromutation            Tmut/Necr      #######...   83%         8    ######.
 Darkness                 Hex            ####......   96%         6    ##.....
 Dispersal                Tloc           ####......   96%         6    ##.....
 Invisibility             Hex            ####....     96%         6    ##.....
 Ozocubu's Refrigeration  Ice            ####......   96%         6    ##.....
 Shadow Creatures         Summ           N/A          96%         6    ##.....
 Haunt                    Necr/Summ      ######....   99%         7    ####...
 Malign Gateway           Summ/Tloc      ####......   100%        7    ####...
 Ring of Flames           Chrm/Fire      #####.....   100%        7    ####...
 Summon Hydra             Summ           ####......   100%        7    ####...
 Borgnjor's Revivificati  Necr           ######....   100%        8    ######.
 Controlled Blink         Tloc           N/A          100%        8    ######.
 Death's Door             Chrm/Necr      ######....   100%        8    ######.
 Discord                  Hex            ####......   100%        8    ######.
 Disjunction              Tloc           ####......   100%        8    ######.
 Ignition                 Fire           ####......   100%        8    ######.
 Infestation              Necr           ######....   100%        8    ######.
 Dragon's Call            Summ           ####......   100%        9    #######
 Shatter                  Erth           ####......   100%        9    #######
 Tornado                  Air            ####......   100%        9    #######


Dungeon Overview and Level Annotations

Branches:
Dungeon (15/15)            Temple (0/1) D:5            Lair (6/6) D:8
 Shoals (4/4) Lair:3       Spider (4/4) Lair:3        Slime (5/5) Lair:5
    Orc (2/2) D:9             Elf (3/3) Orc:2        Vaults (5/5) D:14
  Crypt (3/3) Vaults:3       Tomb (0/3) Crypt:3      Depths (5/5) D:15
    Zot (2/5) Depths:5

Altars:
Ashenzari
Cheibriados
Elyvilon
Fedhas
Hepliaklqana
Kikubaaqudgha
Makhleb
Qazlal
Sif Muna
Trog
Vehumet
Wu Jian
Xom
Yredelemnul
Zin
The Shining One
Beogh
Jiyva

Shops:
D:9 (   D:13 !   D:14 [   D:15 [:[*   Orc:1 }   Orc:2 *?[%}   Elf:3 (
Shoals:3 *   Shoals:4 *   Vaults:3 }   Vaults:4 *

Portals:
Hell: Depths:1 Depths:2 Depths:3 Depths:4 Depths:5
Abyss: Depths:3 Depths:4 Depths:5
Pandemonium: Orc:2 Depths:1 Depths:2 Depths:3
Ziggurat: Depths:5

Annotations:
D:6 2 transporters, Tyrant's ghost, novice DsWn
Shoals:3 exclusion: 2 oklob plants
Elf:1 2 runed translucent doors, Kojohuesch's ghost, veteran GrFi
Elf:2 3 runed translucent doors


Innate Abilities, Weirdness & Mutations

((You have razor-sharp teeth.))
You heal very quickly.
When hurt, damage is shared between your health and your magic reserves.
((Your bite disrupts and absorbs the magic of your enemies.))
Potions cannot restore your health.
You are immune to rotting.
((You have a pair of small horns on your head.))
((Your flesh is heat resistant. (rF+)))
Your magical capacity is low. (-10% MP)
You are very weak. (Str -4)
Your spells are a little harder to cast, but a little more powerful.
((Your movements are slightly less encumbered by armour. (ER -2)))


Message History

Your blink will be uncontrolled - continue anyway? [Y]es or [N]o only, please.
Your blink will be uncontrolled - continue anyway?
Okay, then.
Unknown command.
Remove which piece of jewellery? (? for menu, Esc to quit)
Okay, then.
Your blink will be uncontrolled - continue anyway?
The Orb prevents control of your translocation!
You blink.
As you read the scroll of blinking, it crumbles to dust.
A shadow dragon and a moth of wrath come into view.
You feel sick.
The black draconian breathes lightning at you.
The bolt of lightning misses you.
The purple draconian breathes dispelling energy at you.
The bolt of dispelling energy misses you.
The shadow dragon breathes negative energy at you.
The bolt of negative energy hits you!!
You feel drained.
You die...

#.....# . .... ..d..#
.. ..... #....# ...
.....##....# ..y.
#....#q...# >.... .
#....#....####......
..#$...#......D...D..^
.......q..<....d......
.......)q.d...........
.....?qq##..[.........
.......ddq............
....d..d..............
$...#.#d..............
.y#.#.#...............
. # #.#..q########


You could see a shadow dragon, 3 draconians, 2 draconians, 3 draconians, a green
draconian shifter, a green draconian scorcher and a moth of wrath (wandering).

Vanquished Creatures
  Dissolution (Slime:4)
  the Royal Jelly (Slime:5)
  An ancient lich (Vaults:5)
  A juggernaut (Depths:4)
  Sojobo (Vaults:4)
  Frederick (Vaults:4)
  Saint Roka (Orc:2)
  5 caustic shrikes
  A profane servitor (Crypt:3)
  10 golden dragons
  Jory (Crypt:2)
  3 bone dragons
  13 tentacled monstrosities
  3 titans
  Rupert (Vaults:4)
  4 deep elf master archers (Elf:3)
  4 liches
  7 sphinxes
  22 acid blobs
  Polyphemus (Shoals:3)
  3 deep elf blademasters
  2 death cobs (Zot:1)
  5 quicksilver dragons
  5 tentacled starspawn
  An eldritch tentacle (Abyss:5)
  Kirke (Spider:4)
  7 tengu reavers
  5 ancient champions
  Agnes (Spider:1)
  2 draconian monks
  Donald (Shoals:4)
  13 azure jellies
  7 storm dragons
  9 shadow dragons
  Roxanne (Spider:1)
  3 revenants
  Ilsuiw (Shoals:3)
  3 draconian knights
  2 orc warlords
  4 ghost moths (Spider:4)
  2 draconian scorchers
  9 deep elf sorcerers
  Louise (Spider:1)
  19 vault wardens
  A frost giant (Vaults:5)
  8 fire giants
  8 ghouls
  A cacodemon (Abyss:1)
  5 spriggan defenders
  5 draconian stormcallers
  10 deep elf elementalists
  The ghost of Nuziceol the Eclecticist, a journeyman GrFE of Vehumet (Shoals:1)
  4 emperor scorpions
  A curse skull (Crypt:3)
  A reaper (Depths:1)
  36 very ugly things
  19 ironheart preservers
  6 entropy weavers
  20 stone giants
  An apis (Depths:3)
  An ophan (Depths:3)
  2 war gargoyles (Vaults:5)
  A green draconian (Depths:5)
  4 black draconians
  A white draconian (Zot:1)
  7 deep elf demonologists
  6 dire elephants
  16 deep elf annihilators
  3 yellow draconians
  A minotaur (Gauntlet)
  A red draconian (Zot:1)
  2 minotaurs (shapeshifter)
  2 merfolk javelineers
  10 spark wasps
  A spark wasp (shapeshifter) (Vaults:5)
  10 deep elf death magi
  An eidolon (Abyss:1)
  5 death oozes (Slime:5)
  15 ettins
  A blizzard demon (Depths:2)
  7 merfolk impalers
  14 jiangshi
  14 great orbs of eyes
  36 vault guards
  6 deep elf high priests
  15 fire dragons
  Fannar (Lair:1)
  2 naga warriors (Abyss:5)
  Harold (D:9)
  Erolcha (D:10)
  A ghost crab (Abyss:5)
  13 hydras
  14 yaktaur captains
  5 rakshasas
  14 ice dragons
  2 shambling mangroves (Abyss:5)
  5 spriggan air magi
  An anaconda (shapeshifter) (Vaults:2)
  5 death knights
  A catoblepas (Shoals:3)
  5 merfolk avatars
  13 centaur warriors
  A spectral fire giant (Crypt:3)
  An anaconda (Lair:6)
  11 ogre magi
  3 alligator snapping turtles
  2 death yaks (Shoals:3)
  8 merfolk aquamancers
  4 satyrs
  25 two-headed ogres
  9 deep troll earth magi
  16 dancing weapons
  12 deep troll shamans
  5 tengu warriors
  7 spriggan berserkers
  2 vampire magi
  6 orc high priests
  3 soul eaters
  12 thrashing horrors (Abyss:5)
  2 fire crabs (shapeshifter)
  2 shock serpents (shapeshifter) (Vaults:5)
  4 sun demons
  A storm dragon zombie (Crypt:3)
  Sonja (D:11)
  23 deep elf knights
  2 wretched stars
  A fire crab (Abyss:5)
  21 small abominations
  2 shadow wraiths
  43 skeletal warriors
  5 sixfirhies
  20 hell knights
  10 flayed ghosts
  11 sea snakes
  A titan skeleton (Vaults:4)
  3 unseen horrors
  6 glowing orange brains
  61 deep trolls
  An iron troll (Depths:2)
  A spatial maelstrom (Abyss:5)
  3 gelid demonspawn
  3 wizards
  18 deep elf archers
  An infernal demonspawn (Orc:2)
  An orange crystal statue (Depths:2)
  9 harpies
  8 phantasmal warriors
  13 ironbrand convokers
  9 necromancers
  3 wolf spider zombies
  2 shadow dragon zombies
  A harpy (shapeshifter) (D:15)
  22 orb spiders
  Pikel (D:5)
  An orb spider (shapeshifter) (Abyss:5)
  32 wolf spiders
  An oklob plant (Lair:5)
  An iron dragon zombie (Abyss:5)
  A mana viper (shapeshifter) (Depths:4)
  21 orc knights
  63 deep elf magi
  10 fauns
  A fire giant zombie (Vaults:3)
  18 orc sorcerers
  42 starcursed masses
  6 cyclopes
  6 shining eyes
  18 manticores
  A guardian serpent (Abyss:5)
  2 apocalypse crabs (Abyss:5)
  30 ugly things
  2 frost giant skeletons
  7 moths of wrath
  16 vault sentinels
  4 worldbinders
  6 merfolk sirens
  2 fire giant skeletons
  7 water nymphs
  3 black mambas
  7 elephants
  2 black mambas (shapeshifter)
  2 rust devils (Orc:2)
  4 gargoyles
  8 spiny frogs
  47 yaktaurs
  4 smoke demons
  4 eyes of devastation
  A green draconian zombie (Crypt:2)
  An orange demon (Abyss:5)
  A rime drake (shapeshifter) (Vaults:3)
  A storm dragon simulacrum (Abyss:5)
  A rime drake (Lair:5)
  A hellion (Depths:2)
  2 torpor snails
  A yaktaur (shapeshifter) (Vaults:4)
  11 demonic crawlers
  18 freezing wraiths
  3 ice devils
  4 hellwings
  A hydra zombie (Abyss:5)
  36 jumping spiders
  6 ancient zymes
  5 red devils
  3 tengu conjurers
  15 trolls
  A jumping spider (shapeshifter) (D:15)
  5 komodo dragons
  2 hornets (shapeshifter) (D:15)
  A sea snake skeleton (Crypt:2)
  35 merfolk
  A troll (shapeshifter) (Vaults:5)
  A polar bear (shapeshifter) (Depths:5)
  2 queen bees (shapeshifter)
  5 tyrant leeches
  5 wind drakes
  21 hornets
  Grinder (D:4)
  A polar bear (Lair:4)
  Prince Ribbit (Lair:2)
  A blink frog (shapeshifter) (Vaults:5)
  8 hippogriffs
  24 large abominations
  A jumping spider zombie (Crypt:1)
  19 raiju
  A slime creature (shapeshifter) (Vaults:4)
  A bog body (Crypt:1)
  92 slime creatures
  A raiju (shapeshifter) (Depths:4)
  4 dream sheep (Lair:6)
  A dream sheep (shapeshifter) (Vaults:5)
  22 blink frogs
  A meliai zombie (D:8)
  2 hippogriffs (shapeshifter)
  2 stone giant simulacra
  58 redbacks
  11 snapping turtles
  49 flying skulls (Crypt:3)
  Sigmund (D:4)
  7 spriggans
  41 yaks
  36 water elementals
  A redback (shapeshifter) (Depths:5)
  3 air elementals
  7 shadows
  21 tarantellas
  A wyvern (shapeshifter) (Vaults:3)
  2 wyverns
  7 fire elementals
  12 wraiths
  4 ynoxinuls
  Grum (D:8)
  A human (D:14)
  2 hungry ghosts
  6 hogs (Spider:4)
  Eustachio (D:4)
  An emperor scorpion simulacrum (Abyss:1)
  4 fire bats (Abyss:1)
  13 vampire mosquitoes
  2 basilisks
  8 chaos spawn
  7 golden eyes
  12 wargs
  A yaktaur simulacrum (Vaults:4)
  A naga (Abyss:5)
  5 neqoxecs
  8 spatial vortices (Abyss:5)
  An acid dragon (Vaults:1)
  2 swamp worms (Gauntlet)
  4 hell hounds (Depths:2)
  An infernal demonspawn zombie (Crypt:1)
  7 water moccasins
  An orb spider zombie (Crypt:2)
  A hydra simulacrum (Crypt:3)
  A floating eye (Depths:4)
  A porcupine (shapeshifter) (Vaults:5)
  A two-headed ogre skeleton (Crypt:2)
  A spiny frog zombie (Crypt:1)
  4 porcupines
  2 sky beasts
  3 black bears
  67 orc warriors
  A swamp dragon zombie (Crypt:1)
  2 ice beasts
  A hornet zombie (D:10)
  12 eyes of draining
  2 phantoms
  A black bear (shapeshifter) (Vaults:2)
  28 ogres
  17 boggarts
  9 necrophages
  A black mamba simulacrum (Crypt:1)
  2 human skeletons
  8 wolves
  20 centaurs
  6 elf zombies (Elf:1)
  7 crocodiles
  3 snapping turtle skeletons (Crypt:1)
  A big kobold (D:12)
  A komodo dragon zombie (Crypt:1)
  A wyvern zombie (D:6)
  9 bullfrogs
  6 earth elementals
  A gnoll sergeant (D:8)
  A wyvern skeleton (D:8)
  5 scorpions
  14 killer bees
  A troll zombie (Abyss:5)
  A water moccasin skeleton (D:4)
  A manticore simulacrum (Abyss:4)
  6 electric eels
  4 wights
  A polar bear skeleton (Crypt:2)
  9 crimson imps
  4 centaur zombies
  A human simulacrum (Vaults:1)
  4 quasits (Depths:1)
  6 bullfrog zombies
  2 iron imps
  8 hounds
  16 jellies
  2 bullfrog skeletons
  44 orc priests
  A soldier ant zombie (Crypt:2)
  2 centaur skeletons
  4 iguanas
  37 orc wizards
  6 worker ants
  A dwarf skeleton (Crypt:2)
  2 hound skeletons
  7 worker ant zombies
  21 gnolls
  12 adders
  A scorpion zombie (Crypt:2)
  5 shadow imps
  4 white imps
  4 ufetubi
  17 oozes
  2 adder zombies (D:4)
  2 worms (D:3)
  7 leopard geckos
  147 orcs
  5 giant cockroaches
  23 hobgoblins
  13 jackals
  3 quokkas
  2 ball pythons
  3 bats (D:1)
  7 frilled lizards
  A frilled lizard (shapeshifter) (Vaults:5)
  24 goblins
  A hobgoblin skeleton (Crypt:1)
  2 jackal skeletons
  14 kobolds
  An orc skeleton (Crypt:2)
  A quokka zombie (D:6)
  11 rats
  6 plants
  9 starspawn tentacles
  2 tentacles (Abyss:5)
2886 creatures vanquished.

Vanquished Creatures (collateral kills)
  3 acid blobs (Slime:5)
  An ironheart preserver (Vaults:5)
  A yaktaur captain (Vaults:5)
  2 vault guards (Vaults:5)
  A harpy (Depths:2)
  A shining eye (shapeshifter) (Vaults:5)
  A troll (Orc:2)
  A golden eye (Slime:5)
11 creatures vanquished.

Vanquished Creatures (others)
  A kraken (Abyss:5)
  An emperor scorpion (Spider:4)
  2 deep elf magi
  A demonic crawler (Spider:2)
  A jumping spider (Spider:4)
  An ogre (Depths:4)
  2 boggarts (Vaults:1)
  2 gnolls (D:5)
  A kobold (Depths:2)
  A bush (Abyss:5)
  A crawling corpse (Depths:4)
  2 demonic plants (Gauntlet)
  8 fungi
  105 plants
  6 starspawn tentacles
  4 tentacles (Abyss:5)
  2 withered plants (Gauntlet)
141 creatures vanquished.

Grand Total: 3038 creatures vanquished

Notes
Turn   | Place    | Note
-------+----------+-------------------------------------------
     0 | D:1      | Morbidden the Vine Stalker Fighter began the quest for the
                  | Orb.
     0 | D:1      | Reached XP level 1. HP: 11/11 MP: 2/2
   151 | D:1      | Reached XP level 2. HP: 8/16 MP: 1/3
   383 | D:1      | Reached skill level 3 in Fighting
   781 | D:1      | Reached XP level 3. HP: 18/20 MP: 5/5
   848 | D:1      | Reached skill level 1 in Spellcasting
  1326 | D:2      | Found a faded altar of an unknown god.
  1398 | D:2      | Found a burning altar of Makhleb.
  1410 | D:2      | Gained mutation: Your natural rate of healing is unusually
                  | fast. [Vine Stalker growth]
  1410 | D:2      | Reached XP level 4. HP: 12/24 MP: 4/6
  1575 | D:2      | Found a hazy altar of Hepliaklqana.
  1577 | D:2      | Found a shimmering altar of Xom.
  1577 | D:2      | Found a shimmering altar of Xom.
  1580 | D:2      | Found a burning altar of Makhleb.
  1580 | D:2      | Found a hazy altar of Hepliaklqana.
  1580 | D:2      | Found a hazy altar of Hepliaklqana.
  2154 | D:3      | Reached XP level 5. HP: 28/28 MP: 8/8
  2452 | D:4      | Noticed Sigmund
  2454 | D:4      | Killed Sigmund
  2454 | D:4      | Reached skill level 1 in Dodging
  2454 | D:4      | Reached XP level 6. HP: 32/32 MP: 10/10
  2580 | D:3      | Found a snail-covered altar of Cheibriados.
  2582 | D:3      | Found a shimmering altar of Xom.
  2582 | D:3      | Found a bloodstained altar of Trog.
  2595 | D:3      | Became a worshipper of Cheibriados the Contemplative
  2709 | D:4      | Found a basalt altar of Yredelemnul.
  2715 | D:4      | Reached XP level 7. HP: 37/37 MP: 12/12
  2756 | D:4      | Noticed Eustachio
  2770 | D:4      | Reached skill level 4 in Fighting
  2770 | D:4      | Reached skill level 1 in Invocations
  3027 | D:4      | Reached * piety under Cheibriados
  3100 | D:4      | Gained mutation: You have razor-sharp teeth. [Vine Stalker
                  | growth]
  3100 | D:4      | Reached XP level 8. HP: 41/42 MP: 12/14
  3347 | D:4      | Found a radiant altar of Vehumet.
  3451 | D:4      | Killed Eustachio
  3570 | D:5      | Entered Level 5 of the Dungeon
  3570 | D:5      | Noticed Grinder
  3571 | D:5      | Found a snail-covered altar of Cheibriados.
  3583 | D:4      | Killed Grinder
  3645 | D:5      | Reached skill level 5 in Long Blades
  3711 | D:5      | Reached skill level 5 in Fighting
  3743 | D:5      | Reached ** piety under Cheibriados
  3744 | D:5      | Found a staircase to the Ecumenical Temple.
  3843 | D:5      | Reached XP level 9. HP: 40/47 MP: 17/17
  3937 | D:5      | Noticed Pikel
  3956 | D:5      | Killed Pikel
  3956 | D:5      | Reached skill level 5 in Spellcasting
  4295 | D:6      | Reached *** piety under Cheibriados
  4448 | D:6      | Found a hazy altar of Hepliaklqana.
  4671 | D:6      | Reached skill level 5 in Shields
  4677 | D:6      | Learned a level 4 spell: Ice Form
  4760 | D:6      | Reached **** piety under Cheibriados
  4841 | D:6      | Found a transporter.
  4842 | D:6      | Noticed Tyrant's ghost (novice DsWn)
  4843 | D:6      | Identified the +7 dire flail of Parts Unknown {freeze, rF+
                  | rN++ Str-4 Stlth+}
  4849 | D:6      | Found a transporter.
  4945 | D:6      | Found an ornate altar of the Wu Jian Council.
  5224 | D:6      | Reached skill level 1 in Transmutations
  5224 | D:6      | Reached XP level 10. HP: 16/53 MP: 10/19
  6055 | D:7      | Reached skill level 6 in Fighting
  6521 | D:8      | Noticed Grum
  6530 | D:8      | Reached ***** piety under Cheibriados
  6542 | D:8      | Killed Grum
  6647 | D:8      | Found a staircase to the Lair.
  7087 | D:8      | Reached skill level 5 in Armour
  7177 | D:8      | Found a stormy altar of Qazlal.
  7668 | D:9      | Found a flagged portal.
  7696 | D:9      | Reached skill level 5 in Invocations
  7704 | D:9      | Found Uneov's Antique Weapon Emporium.
  7757 | Bailey   | Entered a bailey
  7804 | Bailey   | Reached XP level 11. HP: 48/58 MP: 15/21
  7972 | Bailey   | Reached ****** piety under Cheibriados
  8060 | Bailey   | Noticed an orc knight
  8060 | Bailey   | Noticed an orc warlord
  8060 | Bailey   | Noticed an orc knight
  8063 | Bailey   | Noticed an orc knight
  8085 | Bailey   | Killed an orc warlord
  8092 | Bailey   | Killed an orc knight
  8099 | Bailey   | Killed an orc knight
  8114 | Bailey   | Killed an orc knight
  8163 | Bailey   | Identified 2 scrolls of acquirement
  8168 | Bailey   | Got a smoking hat
  8181 | Bailey   | Identified the +1 hat of Impermeability {Int+3 Dex+5} (You
                  | acquired it in a bailey)
  8184 | Bailey   | Got a scintillating silver ring
  8186 | Bailey   | Identified the ring of Conformity {rElec MP+9} (You
                  | acquired it in a bailey)
  8353 | D:9      | Found a staircase to the Orcish Mines.
  8368 | D:9      | Noticed Harold
  8378 | D:9      | Killed Harold
  8378 | D:9      | Reached skill level 7 in Fighting
  8539 | D:9      | Found a deep blue altar of Sif Muna.
  8784 | D:10     | Entered Level 10 of the Dungeon
  9326 | D:10     | Noticed Erolcha
  9339 | D:10     | Killed Erolcha
  9339 | D:10     | Reached skill level 1 in Evocations
  9368 | D:10     | Noticed a two-headed ogre
  9372 | D:10     | Killed a two-headed ogre
  9372 | D:10     | Gained mutation: You heal very quickly. [Vine Stalker
                  | growth]
  9372 | D:10     | Reached XP level 12. HP: 63/63 MP: 24/24
  9970 | D:11     | Noticed Sonja
  9972 | D:11     | Noticed a four-headed hydra
  9973 | D:11     | Killed Sonja
  9979 | D:11     | Killed a four-headed hydra
 10210 | D:11     | Noticed a four-headed hydra
 10217 | D:11     | Killed a four-headed hydra
 10370 | D:11     | Noticed a two-headed ogre
 10374 | D:11     | Killed a two-headed ogre
 10387 | D:11     | Reached skill level 8 in Fighting
 10880 | D:12     | Reached XP level 13. HP: 68/68 MP: 26/26
 11436 | Lair:1   | Entered Level 1 of the Lair of Beasts
 11487 | Lair:1   | Noticed Fannar
 11502 | Lair:1   | Killed Fannar
 12279 | Lair:2   | Noticed Prince Ribbit
 12573 | Lair:2   | Reached skill level 10 in Long Blades
 12586 | Lair:2   | Killed Prince Ribbit
 13551 | D:13     | Found Urumuiw's Distillery.
 14084 | Orc:1    | Entered Level 1 of the Orcish Mines
 14099 | Orc:1    | Reached skill level 5 in Dodging
 14190 | Orc:2    | Entered Level 2 of the Orcish Mines
 14281 | Orc:2    | Found a roughly hewn altar of Beogh.
 14292 | Orc:2    | Reached skill level 5 in Transmutations
 14549 | Orc:2    | Reached XP level 14. HP: 65/74 MP: 28/28
 14553 | Orc:2    | Found Xefracw's Magic Scroll Shop.
 14572 | Orc:2    | Reached skill level 9 in Fighting
 14573 | Orc:2    | Found Plog's Food Boutique.
 14830 | Orc:2    | Paralysed by an orc sorcerer for 2 turns
 15062 | Orc:2    | Found Efremat's Antique Armour Shoppe.
 15062 | Orc:2    | Found Zaoqiojo's Gadget Emporium.
 15062 | Orc:2    | Found a one-way gate leading to the halls of Pandemonium.
 15068 | Orc:2    | Bought a crude chain mail for 266 gold pieces
 15068 | Orc:2    | Bought a fine shield for 266 gold pieces
 15079 | Orc:2    | Identified the +2 shield of Bued Juv {rN+ Dex+3} (You
                  | bought it in a shop on level 2 of the Orcish Mines)
 15090 | Orc:2    | Identified the cursed +0 chain mail of Death Resistance
                  | {rF+ Str-3 Int+6 SInv} (You bought it in a shop on level 2
                  | of the Orcish Mines)
 15142 | Orc:2    | Noticed an orc warlord
 15160 | Orc:2    | Killed an orc warlord
 15175 | Orc:2    | Noticed Saint Roka
 15188 | Orc:2    | Found a staircase to the Elven Halls.
 15205 | Orc:2    | Found Xoseumo's Assorted Antiques.
 15212 | Orc:2    | Bought 3 scrolls labeled VOIQEVUQONK for 84 gold pieces
 15212 | Orc:2    | Bought a triangular bronze amulet for 140 gold pieces
 15262 | Orc:1    | Found a roughly hewn altar of Beogh.
 15538 | Orc:2    | Reached skill level 10 in Spellcasting
 15792 | Lair:3   | Found a hole to the Spider Nest.
 16188 | Lair:3   | Found a staircase to the Shoals.
 16250 | Lair:4   | Found a gate leading to a gauntlet.
 16256 | Gauntlet | Entered a Gauntlet
 16256 | Gauntlet | Found a transporter.
 16256 | Gauntlet | Found a transporter.
 16256 | Gauntlet | Found a transporter.
 16276 | Gauntlet | Found a transporter.
 16278 | Gauntlet | Found a large runed translucent door.
 16279 | Gauntlet | Found a large runed translucent door.
 16280 | Gauntlet | Found a large runed translucent door.
 16280 | Gauntlet | Found a large runed translucent door.
 16280 | Gauntlet | Found a runed translucent door.
 16280 | Gauntlet | Found a runed translucent door.
 16281 | Gauntlet | Found a large runed translucent door.
 16282 | Gauntlet | Found a large runed translucent door.
 16283 | Gauntlet | Found a large runed translucent door.
 16283 | Gauntlet | Found a large runed translucent door.
 16284 | Gauntlet | Found a runed translucent gate.
 16284 | Gauntlet | Found a runed translucent gate.
 16284 | Gauntlet | Found a runed translucent gate.
 16286 | Gauntlet | Found a transporter.
 16290 | Gauntlet | Found a transporter.
 16299 | Gauntlet | Noticed a reaper
 16300 | Gauntlet | Found a transporter.
 16321 | Gauntlet | Found a transporter.
 16327 | Gauntlet | Found a transporter.
 16331 | Gauntlet | Found a transporter.
 16334 | Gauntlet | Found a large runed translucent door.
 16334 | Gauntlet | Found a large runed translucent door.
 16336 | Gauntlet | Found a large runed translucent door.
 16337 | Gauntlet | Found a large runed translucent door.
 16339 | Gauntlet | Found a large runed translucent door.
 16339 | Gauntlet | Found a large runed translucent door.
 16340 | Gauntlet | Found a large runed translucent door.
 16341 | Gauntlet | Found a large runed translucent door.
 16343 | Gauntlet | Found a transporter.
 16347 | Gauntlet | Found a transporter.
 16388 | Gauntlet | Got a shimmering amber ring
 16390 | Gauntlet | Identified the ring of the Morning {+Fly rElec rPois Str-3
                  | Dex+7} (You found it in a Gauntlet)
 16404 | Gauntlet | Reached XP level 15. HP: 79/80 MP: 30/30
 16428 | Gauntlet | Got a bloodstained hat
 16442 | Gauntlet | Identified the cursed +0 hat of the Enchanted Forest {rC+}
                  | (You found it in a Gauntlet)
 16525 | Gauntlet | Identified the Grimoire of Supportive Moulding
 16541 | Lair:4   | Found a dark tunnel.
 16544 | Volcano  | Entered a volcano
 17073 | Lair:4   | Found a shattered altar of Ashenzari.
 17963 | Lair:5   | Found a staircase to the Slime Pits.
 18199 | Lair:5   | Reached skill level 10 in Shields
 18680 | Lair:6   | Entered Level 6 of the Lair of Beasts
 18846 | Lair:6   | Reached skill level 10 in Fighting
 18898 | Lair:6   | Got a wavering golden amulet
 20004 | Lair:6   | Reached skill level 10 in Invocations
 20450 | D:14     | Identified the amulet of Anor {Harm *Drain Fragile Int+6}
                  | (You found it on level 6 of the Lair of Beasts)
 20641 | D:14     | Found a gate to the Vaults.
 20794 | D:14     | Reached XP level 16. HP: 81/86 MP: 31/31
 21415 | D:14     | Found Pukid's Armour Shoppe.
 21527 | D:15     | Entered Level 15 of the Dungeon
 21633 | D:15     | Found Deteycoc's Armour Shoppe.
 21806 | D:15     | Found Xeirgh's Book Emporium.
 21992 | D:15     | Found Hosif's Armour Emporium.
 22104 | D:15     | Found a blossoming altar of Fedhas.
 22204 | D:15     | Found Holuipp's Assorted Antiques.
 22407 | D:15     | Found a staircase to the Depths.
 22700 | D:15     | Identified the cursed +1 leather armour of Divine
                  | Intervention {Int+3 Dex+4} (You found it on level 15 of the
                  | Dungeon)
 23011 | Orc:2    | Killed Saint Roka
 23381 | Orc:1    | Found Ynaaguck's Gadget Emporium.
 23527 | Elf:1    | Entered Level 1 of the Elven Halls
 24016 | Elf:1    | Identified the Incunabulum of Dark Rituals
 24247 | Elf:1    | Noticed a Hell Sentinel
 24284 | Elf:1    | Identified the Papyrus of Summoning
 24416 | Elf:1    | Reached XP level 17. HP: 81/91 MP: 33/33
 24434 | Elf:1    | Reached skill level 11 in Fighting
 24489 | Elf:1    | Found a large runed translucent door.
 24489 | Elf:1    | Found a large runed translucent door.
 24491 | Elf:1    | Noticed Kojohuesch's ghost (veteran GrFi)
 24934 | Elf:2    | Identified the +3 lajatang of Midnight {pain, rN+ Dex+3}
 25190 | Elf:2    | Identified the +6 chain mail of the Arcane {rF+ rC+ Str-4
                  | Dex+4} (You found it on level 2 of the Elven Halls)
 25381 | Elf:2    | Found a runed translucent gate.
 25383 | Elf:2    | Found a runed translucent gate.
 25386 | Elf:2    | Found a runed translucent gate.
 25909 | Spider:1 | Entered Level 1 of the Spider Nest
 25968 | Spider:1 | Noticed Louise
 25985 | Spider:1 | Killed Louise
 26396 | Spider:1 | Noticed Agnes
 26447 | Spider:1 | Killed Agnes
 26589 | Spider:1 | Learned a level 6 spell: Hydra Form
 26692 | Spider:1 | Noticed Roxanne
 26719 | Spider:1 | Killed Roxanne
 27454 | Spider:3 | Reached XP level 18. HP: 54/96 MP: 34/34
 28319 | Spider:4 | Entered Level 4 of the Spider Nest
 28319 | Spider:4 | Noticed Kirke
 28334 | Spider:4 | Killed Kirke
 28498 | Spider:4 | Paralysed by a hornet for 3 turns
 28574 | Spider:4 | Reached skill level 10 in Transmutations
 28993 | Spider:4 | Reached skill level 12 in Fighting
 29171 | Spider:4 | Got a gossamer rune of Zot
 29773 | Orc:2    | Bought pearl dragon scales for 2800 gold pieces
 29921 | Shoals:1 | Entered Level 1 of the Shoals
 30132 | Shoals:1 | Found a runed translucent door.
 30132 | Shoals:1 | Noticed Nuziceol's ghost (journeyman GrFE)
 30192 | Shoals:1 | Killed Nuziceol's ghost
 30420 | Shoals:1 | Reached XP level 19. HP: 102/102 MP: 36/36
 30986 | Shoals:2 | Upgraded the game from 0.24-a0-117-g53b51606c3 to
                  | 0.24-a0-118-g3d66cf40a6
 31381 | Shoals:3 | Noticed Ilsuiw
 31418 | Shoals:3 | Killed Ilsuiw
 31510 | Shoals:3 | Found Wiarimian's General Store.
 31515 | Shoals:3 | Noticed Polyphemus
 31534 | Shoals:3 | Killed Polyphemus
 31957 | Shoals:4 | Entered Level 4 of the Shoals
 31979 | Shoals:4 | Found Emuraw's Eclectic Emporium.
 31990 | Shoals:4 | Learned a level 5 spell: Blade Hands
 32070 | Shoals:4 | Bought a scroll of enchant armour for 82 gold pieces
 32168 | Shoals:4 | Reached skill level 1 in Unarmed Combat
 32300 | Shoals:4 | Noticed Donald
 32310 | Shoals:4 | Killed Donald
 32642 | Shoals:4 | Got a flickering zirconium amulet
 32643 | Shoals:4 | Identified the amulet "Vuerotwo" {rPois Regen+} (You found
                  | it on level 4 of the Shoals)
 33377 | Shoals:4 | Reached skill level 10 in Dodging
 33396 | Shoals:4 | Got a barnacled rune of Zot
 34727 | Vaults:1 | Entered Level 1 of the Vaults
 34798 | Vaults:1 | Reached skill level 1 in Stealth
 34952 | Vaults:1 | Reached XP level 20. HP: 108/108 MP: 38/38
 35226 | Vaults:1 | Upgraded the game from 0.24-a0-118-g3d66cf40a6 to
                  | 0.24-a0-123-ga2403f3307
 35290 | Vaults:1 | Got a brightly glowing helmet
 35291 | Vaults:1 | Identified the +2 helmet "Cajo" {rC+ Int+5} (You found it
                  | on level 1 of the Vaults)
 35766 | Vaults:1 | Reached skill level 13 in Fighting
 36931 | Vaults:2 | Reached skill level 10 in Armour
 36940 | Vaults:2 | Reached skill level 5 in Unarmed Combat
 37304 | Vaults:3 | Reached XP level 21. HP: 109/113 MP: 39/39
 37342 | Vaults:3 | Learned a level 7 spell: Orb of Destruction
 37540 | Vaults:3 | Reached skill level 1 in Conjurations
 37620 | Vaults:3 | Found a staircase to the Crypt.
 37620 | Vaults:3 | Found a basalt altar of Yredelemnul.
 37621 | Vaults:3 | Found an ancient bone altar of Kikubaaqudgha.
 37943 | Vaults:3 | Found Oweopteg's Gadget Shop.
 38915 | Vaults:4 | Noticed Frederick
 38920 | Vaults:4 | Noticed Rupert
 38920 | Vaults:4 | Noticed Sojobo
 38938 | Vaults:4 | Killed Frederick
 38939 | Vaults:4 | Killed Rupert
 38949 | Vaults:4 | Killed Sojobo
 38985 | Vaults:4 | Reached skill level 14 in Fighting
 38992 | Vaults:4 | Found Gygrit's Assorted Antiques.
 39111 | Vaults:4 | Reached XP level 22. HP: 120/120 MP: 40/40
 39849 | Depths:1 | Entered Level 1 of the Depths
 39871 | Depths:1 | Found a runed translucent door.
 40871 | Depths:1 | Found a gateway to Hell.
 41626 | Depths:1 | Identified the +1 pair of gloves "Qynuhuc" {rPois Regen+}
                  | (You found it on level 1 of the Depths)
 41795 | Depths:1 | Found a roughly hewn altar of Beogh.
 41861 | Depths:2 | Reached skill level 15 in Shields
 41988 | Depths:2 | Found a shimmering altar of Xom.
 42035 | Depths:2 | Reached skill level 5 in Conjurations
 42483 | Depths:2 | Found a snail-covered altar of Cheibriados.
 42534 | Depths:2 | Identified the Compendium of the Shifting Birds
 43275 | Depths:3 | Found a white marble altar of Elyvilon.
 43283 | Depths:3 | Reached XP level 23. HP: 126/126 MP: 42/42
 43285 | Depths:3 | Found a glowing silver altar of Zin.
 43292 | Depths:3 | Found a glowing golden altar of the Shining One.
 43297 | Depths:3 | Upgraded the game from 0.24-a0-123-ga2403f3307 to
                  | 0.24-a0-129-gdb70d5e40e
 43916 | Depths:3 | Noticed a caustic shrike
 43921 | Depths:3 | Killed a caustic shrike
 43921 | Depths:3 | Reached skill level 15 in Fighting
 43996 | Depths:3 | Identified the Papyrus of Scorching Feathers
 44199 | Depths:3 | Found a one-way gate to the infinite horrors of the Abyss.
 44554 | Depths:4 | Noticed a juggernaut
 44575 | Depths:4 | Killed a juggernaut
 44938 | Depths:4 | Noticed a caustic shrike
 44940 | Depths:4 | Noticed a caustic shrike
 44946 | Depths:4 | Killed a caustic shrike
 44946 | Depths:4 | Killed a caustic shrike
 44948 | Depths:4 | Noticed a caustic shrike
 44963 | Depths:4 | Killed a caustic shrike
 44963 | Depths:4 | Reached XP level 24. HP: 133/133 MP: 42/42
 45011 | Depths:4 | Reached skill level 16 in Fighting
 45029 | Depths:4 | Paralysed by a floating eye for 2 turns
 45105 | Depths:4 | Noticed a caustic shrike
 45114 | Depths:4 | Killed a caustic shrike
 45114 | Depths:4 | Reached skill level 15 in Spellcasting
 45159 | Depths:4 | Identified the ring of Vetiraha {rElec AC+3 Str+2 Dex-5}
 45627 | Depths:4 | You are sucked into a shaft!
 45627 | Depths:5 | Entered Level 5 of the Depths
 45627 | Depths:5 | Found a gateway to a ziggurat.
 45664 | Depths:5 | Reached skill level 10 in Unarmed Combat
 46142 | Depths:4 | Learned a level 3 spell: Regeneration
 46878 | Depths:5 | Reached skill level 1 in Necromancy
 46891 | Depths:5 | Found a gate to the Realm of Zot.
 46978 | Depths:5 | Reached XP level 25. HP: 140/140 MP: 43/43
 47507 | Depths:5 | Reached skill level 17 in Fighting
 47997 | Elf:3    | Entered Level 3 of the Elven Halls
 48211 | Elf:3    | Identified the Handbook of Translocation and Arcane Weapons
 48287 | Elf:3    | Reached skill level 1 in Charms
 48574 | Elf:3    | Identified the +3 ice dragon scales "Xanuxa" {rF- rC++ MR+
                  | SInv}
 48578 | Elf:3    | Identified the +1 robe "Asatodde" {Int+5}
 48658 | Elf:3    | Identified the +9 great sword "Ykafozxe" {slice, rPois rF+
                  | MR+ Str+4}
 48658 | Elf:3    | Identified the +10 plate armour "Itilimn" {-Tele MP+9
                  | Str+4}
 48658 | Elf:3    | Identified the ring "Leyfofudu" {*Slow EV+1 Str+9}
 48684 | Elf:3    | Identified the ring "Siarch" {Ice Str+5}
 48686 | Elf:3    | Identified the +2 hand axe of the Shoals {venom, rPois rN+
                  | MP+9 Str+5 Stlth-}
 48708 | Elf:3    | Identified the +1 long sword "Qelod" {protect, Str+3}
 48763 | Elf:3    | Identified the cursed -7 pair of boots "Edghiud" {rC+
                  | Regen+} (You found it on level 3 of the Elven Halls)
 48820 | Elf:3    | Identified the amulet "Maapleus" {Inacc +Fly} (You found it
                  | on level 3 of the Elven Halls)
 48825 | Elf:3    | Identified the quicksilver dragon scales of the Evening
                  | Star {rPois MR+ Regen+ Str+4 Int-5} (You found it on level
                  | 3 of the Elven Halls)
 48984 | Elf:3    | Found Jeceritula's Weapon Boutique.
 49462 | Crypt:1  | Entered Level 1 of the Crypt
 49875 | D:15     | Bought a manual of Unarmed Combat for 1545 gold pieces
 50172 | Crypt:1  | Reached skill level 5 in Stealth
 50177 | Crypt:1  | Reached skill level 10 in Conjurations
 50906 | Crypt:2  | Found a blossoming altar of Fedhas.
 50940 | Crypt:2  | Noticed Jory
 50954 | Crypt:2  | Killed Jory
 50954 | Crypt:2  | Reached XP level 26. HP: 146/146 MP: 44/44
 51180 | Crypt:3  | Entered Level 3 of the Crypt
 51290 | Crypt:3  | Found an ancient bone altar of Kikubaaqudgha.
 51328 | Crypt:3  | Reached skill level 15 in Transmutations
 51409 | Crypt:3  | Got a sparkling lead ring
 51411 | Crypt:3  | Identified the ring "Juudosen" {MP+9 Int+3} (You found it
                  | on level 3 of the Crypt)
 51812 | Crypt:3  | Found a staircase to the Tomb.
 52076 | Crypt:3  | Got a bone hand crossbow
 52078 | Crypt:3  | Identified the +6 hand crossbow of Usaysin {freeze, rPois
                  | MR+ Dex+3} (You found it on level 3 of the Crypt)
 52464 | Vaults:4 | Got a bound bronze ring
 52465 | Vaults:4 | Identified the ring of Fairph {AC+3 Int+3} (You acquired it
                  | on level 4 of the Vaults)
 52471 | Vaults:5 | Entered Level 5 of the Vaults
 52501 | Vaults:5 | Reached skill level 18 in Fighting
 52513 | Vaults:5 | Noticed an ancient lich
 52540 | Vaults:5 | Killed an ancient lich
 52610 | Vaults:5 | Reached skill level 10 in Stealth
 52633 | Vaults:5 | Reached XP level 27. HP: 151/151 MP: 44/44
 52864 | Vaults:5 | Got a crude bronze ring
 52927 | Vaults:5 | Identified the ring "Alaw Ihy" {rElec rN+ Int+2} (You
                  | acquired it on level 5 of the Vaults)
 52948 | Vaults:5 | Identified the +10 halberd of Fedhas's Esteem {freeze, +Inv
                  | rPois rF- Dex-2}
 52948 | Vaults:5 | Identified the ring of Yptiec {rPois MR+}
 52958 | Vaults:5 | Identified the +2 leather armour of the Cockatrice {rN+++
                  | Dex-2 SInv Stlth-}
 53164 | Vaults:5 | Got a pair of translucent gloves
 53175 | Vaults:5 | Identified the +1 pair of gloves of Boudibb {MP+9} (You
                  | found it on level 5 of the Vaults)
 53193 | Vaults:5 | Got a silver rune of Zot
 53550 | Vaults:5 | Identified the Tome of Dislocated Contamination
 53558 | Vaults:5 | Identified the Reference Book on Creative Conjuration
 53867 | Vaults:5 | Got an ancient double sword
 54297 | Vaults:5 | Got a flickering steel ring
 54304 | Vaults:5 | Identified the ring "Pefekuash" {*Drain +Fly rC++ rN+
                  | Dex+4} (You found it on level 5 of the Vaults)
 54308 | Vaults:5 | Identified the +7 double sword "Otrul" {slice, +Blink rElec
                  | rN++ Stlth-} (You found it on level 5 of the Vaults)
 54760 | Slime:1  | Entered Level 1 of the Pits of Slime
 54880 | Slime:3  | Gained mutation: Your spells are a little easier to cast,
                  | but a little less powerful. [a shining eye]
 55118 | Slime:2  | Reached skill level 15 in Unarmed Combat
 55359 | Slime:5  | Entered Level 5 of the Pits of Slime
 55398 | Slime:5  | Noticed the Royal Jelly
 55399 | Slime:5  | Noticed Dissolution
 55404 | Slime:4  | Reached skill level 19 in Fighting
 55451 | Slime:4  | Gained mutation: Your spells are easier to cast, but less
                  | powerful. [a shining eye]
 55531 | Slime:5  | Gained mutation: You are dopey. (Int -2) [a shining eye]
 55532 | Slime:5  | Gained mutation: Your magical capacity is low. (-10% MP) [a
                  | shining eye]
 55533 | Slime:5  | Gained mutation: You are frail. (-10% HP) [a shining eye]
 55554 | Slime:4  | Killed Dissolution
 55671 | Slime:5  | Gained mutation: Your magical capacity is very low. (-20%
                  | MP) [a shining eye]
 55673 | Slime:5  | Gained mutation: You are very dopey. (Int -4) [a shining
                  | eye]
 55747 | Slime:5  | Found a viscous altar of Jiyva.
 55794 | Slime:5  | Killed the Royal Jelly
 55872 | Slime:5  | Got a glittering steel ring
 55873 | Slime:5  | Identified the ring of Amorality {Wiz rN+ Dex+3} (You found
                  | it on level 5 of the Pits of Slime)
 55877 | Slime:5  | Got a glittering zirconium amulet
 55908 | Slime:5  | Identified the amulet "Hyezant" {Faith rPois Dex+6 Stlth+}
                  | (You found it on level 5 of the Pits of Slime)
 55918 | Slime:5  | Got a pitted crystal amulet
 55919 | Slime:5  | Identified the amulet "Weuhuk" {Harm *Drain rElec Int+2}
                  | (You found it on level 5 of the Pits of Slime)
 55954 | Slime:5  | Got a slimy rune of Zot
 56077 | Slime:5  | Lost mutation: Your magical capacity is very low. (-20% MP)
                  | [potion of mutation]
 56077 | Slime:5  | Lost mutation: Your magical capacity is low. (-10% MP)
                  | [potion of mutation]
 56077 | Slime:5  | Lost mutation: You are frail. (-10% HP) [potion of
                  | mutation]
 56077 | Slime:5  | Lost mutation: Your spells are easier to cast, but less
                  | powerful. [potion of mutation]
 56077 | Slime:5  | Gained mutation: You have a pair of small horns on your
                  | head. [potion of mutation]
 56077 | Slime:5  | Gained mutation: Your movements are slightly less
                  | encumbered by armour. (ER -2) [potion of mutation]
 56078 | Slime:5  | Lost mutation: Your spells are a little easier to cast, but
                  | a little less powerful. [potion of mutation]
 56078 | Slime:5  | Lost mutation: You are very dopey. (Int -4) [potion of
                  | mutation]
 56078 | Slime:5  | Lost mutation: You are dopey. (Int -2) [potion of mutation]
 56078 | Slime:5  | Gained mutation: You are weak. (Str -2) [potion of
                  | mutation]
 56078 | Slime:5  | Gained mutation: Your spells are a little harder to cast,
                  | but a little more powerful. [potion of mutation]
 56078 | Slime:5  | Gained mutation: Your flesh is heat resistant. (rF+)
                  | [potion of mutation]
 56275 | Slime:5  | Upgraded the game from 0.24-a0-129-gdb70d5e40e to
                  | 0.24-a0-131-g11e5bb6019
 56753 | Depths:3 | Voluntarily entered the Abyss.
 56863 | Abyss:1  | Gained mutation: You are very weak. (Str -4) [a neqoxec]
 57332 | Abyss:1  | Found a corrupted altar of Lugonu.
 57387 | Abyss:1  | Found a corrupted altar of Lugonu.
 57663 | Abyss:4  | Paralysed by accursed screaming for 1 turns
 57666 | Abyss:4  | Paralysed by accursed screaming for 1 turns
 57879 | Abyss:4  | Found a corrupted altar of Lugonu.
 57880 | Abyss:4  | Gained mutation: Your magical capacity is low. (-10% MP) [a
                  | neqoxec]
 57895 | Abyss:5  | Entered Level 5 of the Abyss
 57895 | Abyss:5  | Entered Level 5 of the Abyss
 58006 | Abyss:5  | Paralysed by accursed screaming for 1 turns
 58506 | Abyss:5  | Found a corrupted altar of Lugonu.
 58522 | Abyss:5  | Paralysed by accursed screaming for 1 turns
 58534 | Abyss:5  | Paralysed by accursed screaming for 2 turns
 58537 | Abyss:5  | Reached skill level 5 in Necromancy
 58614 | Abyss:5  | Got an abyssal rune of Zot
 58641 | Depths:3 | Escaped the Abyss
 58875 | D:15     | Bought a book of the Dragon for 1260 gold pieces
 58883 | D:15     | Learned a level 7 spell: Dragon Form
 59204 | Zot:1    | Entered Level 1 of the Realm of Zot
 59878 | Zot:1    | Got a polished scimitar
 60252 | Zot:2    | Killed from afar by a shadow dragon

Levels and vault maps discovered:
D:1:      wheals_arrival_linesprint, layout_basic, grunt_decor_mini_mirrors,
          chequers_hall_statues_wall_a
D:2:      layout_basic, lemuel_round_altar, chequers_ecumenical_altar_island,
          kennysheep_small_spiral, minivault_24, dk_noncrumbling_3,
          doesnt_xom_only_xom
D:3:      layout_basic, chequers_temple_overflow_statue_of_worship
D:4:      layout_cave_pods, yredelemnul_altar_generic, kennysheep_little_box,
          serial_undead, serial_undead_b, serial_undead_a, serial_undead_c,
          serial_undead_f, first_ration, uniq_sigmund, uniq_eustachio
D:5:      layout_basic, minmay_temple_entry_tees, cheibriados_altar_1,
          uniq_pikel, uniq_grinder
D:6:      layout_loops_ring, kennysheep_mini_moat,
          lemuel_coloured_pillars_altar, gammafunk_ghost_smash, hex_medium
D:7:      layout_basic
D:8:      layout_layer_cave, marbit_many_paths, david_lair_shrubbed, uniq_grum
D:9:      layout_loops_ring, nicolae_overflow_crystal_walls, orc_0_dummy,
          serial_shops, shop_fountains, enter_bailey_6, uniq_harold
D:10:     layout_cave_pods, uniq_erolcha
D:11:     layout_irregular_city, uniq_sonja
D:12:     layout_long_grid, blue_anna_alchemist [blue_anna_fruit_fields,
          blue_anna_fruit_fields], kennysheep_generic_room_11
D:13:     layout_loops_cross, serial_shops, nicolae_shop_behind_doors,
          serial_co_window_serial, co_window_cross_1, co_window_paths_a,
          co_window_paths_a, co_window_of_opportunity_a, co_window_paths_b,
          co_window_paths_c, co_window_corner_b, co_window_broadway_b,
          co_window_of_opportunity_b, co_window_4corner_b, glass_columns_b
D:14:     layout_basic, grunt_vaults_entry_fortified, minivault_23,
          serial_shops, shop_coins, grunt_ministairs_1
D:15:     gammafunk_enter_depths_forms, layout_loops_corners, serial_shops,
          shop, shop, nicolae_shop_crystal,
          nicolae_shop_temple_entry_statues_fountains, fedhas_altar_1
Lair:1:   layout_gridlike, serial_bayou_lagoon_b, uniq_fannar
Lair:2:   layout_gridlike, uniq_prince_ribbit2
Lair:3:   layout_long_grid, minmay_shoals_entry_hut,
          spider_nest_entry_funnel_web, eino_small_chamber_without_monster,
          columned_hall_lemuel
Lair:4:   layout_layer_cave, gauntlet_entry_generic,
          nicolae_volcano_entry_s_turn, basic_altar, serial_bayou_pond_d,
          chequers_serial_rivers_micro_c
Lair:5:   lemuel_slime, layout_regular_city, nicolae_slime_entry_slimehenge,
          wad_woods_river_01
Lair:6:   due_jungle_book, layout_gridlike
Shoals:1: layout_shoals, gammafunk_ghost_grave
Shoals:2: layout_shoals
Shoals:3: cheibrodos_shoals_baths, layout_shoals, serial_shops, shop,
          nicolae_shoals_this_corrosion, uniq_polyphemus, uniq_ilsuiw
Shoals:4: shoals_end_simple, layout_shoals, nicolae_alphabet_shops, uniq_donald
Spider:1: layout_spider_delve, uniq_agnes, uniq_louise, uniq_roxanne
Spider:2: layout_spider_delve
Spider:3: layout_spider_delve, hangedman_stitches_earthworm
Spider:4: grunt_spider_rune_parallel, uniq_kirke
Slime:1:  layout_caves
Slime:2:  layout_caves
Slime:3:  layout_caves
Slime:4:  cheibrodos_slime_lost_civilization_8, layout_caves
Slime:5:  uniq_dissolution
Orc:1:    layout_caves, serial_shops, shop, basic_altar
Orc:2:    pf_orc_diabolical, layout_caves, basic_altar, serial_shops,
          nicolae_shop_crystal, uniq_saint_roka
Elf:1:    eino_elf_arrival_shootout, layout_onion_city,
          ebering_ghost_disaster_area, minmay_elf_necromancy, minivault_4,
          minmay_elf_demonology
Elf:2:    layout_geoelf_grid, uniq_nikola, uniq_jorgrun
Elf:3:    minmay_elf_hall_circle, layout_loops_ring, serial_shops,
          nicolae_shop_behind_doors
Vaults:1: ontoclasm_vaults_shuriken, nicolae_vaults_hallways_thing,
          hangedman_vaults_capsules, hangedman_vaults_nodes,
          vaults_room_corners, nicolae_vaults_little_squares_1,
          grunt_vaults_diagonal, hangedman_vaults_stretched_pinwheel,
          ontoclasm_vaults_ligature, serial_ice_b, layout_vaults_chaotic_city
Vaults:2: hangedman_vaults_corner, hangedman_vaults_snaps, v_misc_22,
          hangedman_vaults_variations, hangedman_vaults_stream,
          hangedman_vaults_stretched_pinwheel, vaults_room_pool,
          layout_vaults_omnigrid
Vaults:3: v_alt_pattern_2, nicolae_vaults_three_branches, v_rooms_1,
          ontoclasm_vaults_bender, v_misc_11, nicolae_vaults_little_squares_4,
          hangedman_vaults_slither, vaults_dpeg_encased_lava,
          ontoclasm_vaults_ring_square, minmay_crypt_entry_necro_gods,
          v_misc_17, hangedman_vaults_trim, ontoclasm_vaults_loading_screen,
          layout_vaults_big_cross, serial_shops, shop
Vaults:4: vaults_room_door_hall, v_pattern_3, ontoclasm_vaults_ring_square,
          vaults_mumra_minichess_inversion, sword_in_stone, v_misc_1,
          nicolae_vaults_network_square, ontoclasm_vaults_tryst,
          nicolae_vaults_disjoint_gnomons, vaults_room_stairs_pillars,
          ontoclasm_vaults_idyll, layout_vaults_omnibox, serial_shops, shop,
          uniq_frederick
Vaults:5
Crypt:1:  layout_rooms, grunt_crypt_arrival_webbed
Crypt:2:  layout_rooms, nicolae_crypt_fedhas_prevails, st_stairs_4, uniq_jory
Crypt:3:  grunt_crypt_end_deaths_head
Depths:1: layout_gridville, grunt_pan_entry_in_and_out, hell_entry,
          skrybe_limestone_x, drop_trap, lightli_church_of_beogh
Depths:2: due_chaos_kobolds, layout_cave_pools, hellmouth_1,
          grunt_pan_entry_zigzag, special_room [special_room_mythical_zoo],
          lemuel_statue_altar, kennysheep_diamond, hangedman_decor_riveting,
          minmay_staircase_bubble
Depths:3: minmay_sliced_demisemicircle, layout_gridlike, hangedman_geh_valley,
          pan_entry, minmay_misc_feat_alley, abyss_entry, hallowed_hall
Depths:4: grunt_twisty_corner, layout_gridlike, serial_bayou_lagoon_a,
          abyss_entry, hell_entry, firewood_loft, infiniplex_staircase_zigzag_3,
          grunt_megastairs_4, serial_bayou_shore_a
Depths:5: evilmike_zot_entry_argh, layout_gridlike, enter_ziggurat_e,
          hell_entry, abyss_entry, nrook_campfire, st_stairs_3
Zot:1:    layout_cathedral_of_symmetry, st_single_dragon_hoard_2, st_stairs_12,
          grunt_megastairs_3
Zot:2:    layout_basic
Abyss:1
Abyss:2
Abyss:3:  nicolae_abyss_rune_left_handed
Abyss:4:  evilmike_abyss_rune_tso_outpost
Abyss:5:  evilmike_abyss_exit_2, grunt_abyss_rune_forest_and_sorcery
Bailey:   bailey_axe_minmay_hex_keep, bailey
Volcano:  volcano_pools
Gauntlet: gammafunk_gauntlet_hard_choice [gammafunk_gauntlet_arena_arrow_garden,
          gammafunk_gauntlet_arena_crates, gammafunk_gauntlet_arena_mazey,
          minmay_gauntlet_arena_make_your_own_arena,
          nicolae_gauntlet_arena_grate_2, gammafunk_gauntlet_arena_grid,
          gauntlet_exit_watery]

Skill      XL: |  1  2  3  4  5  6  7  8  9 10 11 12 13 14 15 16 17 18 19 20 21 22 23 24 25 26 27 |
---------------+----------------------------------------------------------------------------------+-----
Fighting       | 3 4 5 6 7 8 9 10 11 12 13 14 15 16 17 18 19 | 19.7
Long Blades    | 2 3 4 5 6 7 8 9 10 11 12 13 14 | 14.0
Spellcasting   | 1 2 3 4 5 6 7 8 9 10 11 12 13 14 15 16 18 | 18.1
Shields        | 3 4 5 7 8 9 10 11 12 13 14 15 | 15.0
Armour         | 3 4 5 6 7 8 9 10 11 12 13 | 13.3
Dodging        | 1 2 3 4 5 6 7 8 9 10 11 12 13 14 | 14.4
Invocations    | 1 3 5 6 7 8 9 10 11 12 | 12.9
Transmutations | 1 3 5 6 7 8 9 10 11 12 13 14 15 17 | 17.0
Evocations     | 1 2 3 4 |  4.5
Unarmed Combat | 3 5 6 8 9 10 12 13 16 | 16.7
Stealth        | 1 2 3 4 5 10 14 | 14.2
Conjurations   | 3 6 7 8 10 11 13 | 13.4
Necromancy     | 1 2 6 |  6.0
Charms         | 2 3 4 |  4.5
Ice Magic      | |  0.5

Action                   |  1- 3 |  4- 6 |  7- 9 | 10-12 | 13-15 | 16-18 | 19-21 | 22-24 | 25-27 || total
-------------------------+-------+-------+-------+-------+-------+-------+-------+-------+-------++-------
Melee: Long sword        |   108 |   146 |   348 |   595 |  1342 |  1613 |  1681 |  1407 |  2198 ||  9438
       Bite              |    20 |    46 |   179 |   390 |   998 |  1189 |  1178 |  1024 |  1731 ||  6755
       Unarmed           |       |       |       |       |       |       |    32 |    11 |    87 ||   130
       Punch             |       |       |       |       |       |       |     1 |     1 |     6 ||     8
       Headbutt          |       |       |       |       |       |       |       |       |   274 ||   274
       Tailslap          |       |       |       |       |       |       |       |       |     8 ||     8
 Cast: Ice Form          |       |       |       |       |       |     2 |     1 |     1 |     3 ||     7
       Hydra Form        |       |       |       |       |       |     2 |     1 |       |       ||     3
       Blade Hands       |       |       |       |       |       |       |     2 |     1 |     2 ||     5
       Regeneration      |       |       |       |       |       |       |       |    10 |    62 ||    72
       Orb of Destructio |       |       |       |       |       |       |       |       |    15 ||    15
       Dragon Form       |       |       |       |       |       |       |       |       |    10 ||    10
Invok: Slouch            |       |       |       |     1 |    14 |    20 |    15 |    16 |    17 ||    83
       Bend Time         |       |       |       |       |       |     1 |     2 |       |     2 ||     5
       Temporal Distorti |       |       |       |       |       |     1 |       |       |       ||     1
       Step From Time    |       |       |       |       |       |       |       |     2 |     2 ||     4
 Abil: End Transformatio |       |       |       |       |       |       |     2 |       |       ||     2
       Breathe Fire      |       |       |       |       |       |       |       |       |     2 ||     2
Evoke: Wand              |       |     5 |     4 |    25 |    15 |     8 |       |     2 |    13 ||    72
       Phial of floods   |       |       |       |     1 |     2 |     1 |     1 |     2 |     5 ||    12
       Box of beasts     |       |       |       |       |     1 |       |       |       |     2 ||     3
       Lamp of fire      |       |       |       |       |       |       |       |       |     5 ||     5
  Use: Scroll            |     1 |       |    12 |     9 |    32 |    22 |    14 |     8 |    24 ||   122
       Potion            |       |       |       |     2 |     1 |     2 |     1 |     1 |     5 ||    12
 Stab: Distracted        |       |       |       |       |     1 |     1 |       |       |    12 ||    14
       Held in net/web   |       |       |       |       |       |     1 |       |       |       ||     1
       Sleeping          |       |       |       |       |       |       |     2 |     2 |     6 ||    10
  Eat: Chunk             |     1 |     5 |     5 |    10 |    15 |    15 |     6 |     8 |    16 ||    81
       Ration            |       |       |       |     2 |     4 |     3 |     4 |     4 |     9 ||    26
Armor: Scale mail        |    49 |    92 |   131 |   107 |       |       |       |       |       ||   379
       Plate armour      |       |       |       |   196 |   543 |   192 |       |       |       ||   931
       Chain mail        |       |       |       |       |       |   376 |       |       |       ||   376
       Pearl dragon scal |       |       |       |       |       |    35 |   474 |   457 |   779 ||  1745
       Skin              |       |       |       |       |       |       |     7 |       |    30 ||    37
Dodge: Dodged            |    34 |    59 |   104 |   233 |   551 |   880 |  1031 |  1020 |  1799 ||  5711
Block: Shield            |    60 |    83 |   201 |   576 |  1335 |  1612 |  1690 |  1474 |  2161 ||  9192
       Rpst.: Long sword |    10 |    17 |    25 |    65 |   131 |   163 |   167 |   138 |   321 ||  1037

Table legend:
 A = Non-vault XP
 B = Vault XP
 C = Vault XP percentage of total XP
 D = Non-vault monster count
 E = Vault monster count
 F = Vault count percentage of total count
                 A         B        C        D         E       F
            +---------+---------+-------+---------+---------+-------
      Total |  885230 |  789951 |  47.2 |    1834 |    1026 |  35.9
            +---------+---------+-------+---------+---------+-------
        D:1 |      48 |       0 |   0.0 |      29 |       0 |   0.0
        D:2 |      95 |       0 |   0.0 |      19 |       0 |   0.0
        D:3 |     106 |       0 |   0.0 |      25 |       0 |   0.0
        D:4 |     781 |     803 |  50.7 |      34 |      11 |  24.4
        D:5 |     930 |     607 |  39.5 |      26 |       1 |   3.7
        D:6 |    1387 |       0 |   0.0 |      34 |       0 |   0.0
        D:7 |    1320 |       0 |   0.0 |      27 |       0 |   0.0
        D:8 |    1844 |     976 |  34.6 |      31 |       6 |  16.2
        D:9 |     456 |     997 |  68.6 |       6 |       1 |  14.3
       D:10 |    2348 |     952 |  28.8 |      14 |       1 |   6.7
       D:11 |    8996 |     795 |   8.1 |      51 |       1 |   1.9
       D:12 |    6725 |     719 |   9.7 |      44 |       2 |   4.3
       D:13 |    2980 |       0 |   0.0 |      17 |       0 |   0.0
       D:14 |    3747 |    8187 |  68.6 |      13 |      16 |  55.2
       D:15 |    8083 |    4879 |  37.6 |      20 |      14 |  41.2
     Lair:1 |    3706 |    1017 |  21.5 |      19 |       1 |   5.0
     Lair:2 |    5526 |     812 |  12.8 |      20 |       3 |  13.0
     Lair:3 |    1599 |    1354 |  45.9 |       6 |       5 |  45.5
     Lair:4 |    2863 |       0 |   0.0 |      12 |       0 |   0.0
     Lair:5 |    3040 |    1804 |  37.2 |      11 |      33 |  75.0
     Lair:6 |   15210 |    2839 |  15.7 |      37 |       5 |  11.9
   Shoals:1 |    9847 |    1561 |  13.7 |      26 |       1 |   3.7
   Shoals:2 |    8276 |       0 |   0.0 |      16 |       0 |   0.0
   Shoals:3 |   11548 |   12001 |  51.0 |      22 |      15 |  40.5
   Shoals:4 |   20140 |   21377 |  51.5 |      46 |      33 |  41.8
   Spider:1 |   10670 |    5657 |  34.6 |      31 |       3 |   8.8
   Spider:2 |   11094 |       0 |   0.0 |      34 |       0 |   0.0
   Spider:3 |   19297 |    2095 |   9.8 |      42 |      11 |  20.8
   Spider:4 |   19053 |   28572 |  60.0 |      39 |      55 |  58.5
    Slime:1 |    3225 |       0 |   0.0 |       4 |       0 |   0.0
    Slime:2 |   23538 |       0 |   0.0 |      30 |       0 |   0.0
    Slime:3 |   15313 |       0 |   0.0 |      14 |       0 |   0.0
    Slime:4 |   19974 |   18541 |  48.1 |      39 |       3 |   7.1
    Slime:5 |   15856 |   20309 |  56.2 |      30 |       7 |  18.9
      Orc:1 |    4937 |       0 |   0.0 |      35 |       0 |   0.0
      Orc:2 |   11195 |   23880 |  68.1 |      83 |      78 |  48.4
      Elf:1 |   24238 |   10803 |  30.8 |      38 |      23 |  37.7
      Elf:2 |   20020 |    2830 |  12.4 |      37 |       4 |   9.8
      Elf:3 |   13757 |   58712 |  81.0 |      23 |      37 |  61.7
   Vaults:1 |   33589 |   10890 |  24.5 |      57 |      21 |  26.9
   Vaults:2 |   45867 |    9148 |  16.6 |      56 |      17 |  23.3
   Vaults:3 |   27799 |   27479 |  49.7 |      44 |      41 |  48.2
   Vaults:4 |   14787 |   36601 |  71.2 |      22 |      38 |  63.3
   Vaults:5 |   64586 |  147128 |  69.5 |      72 |     103 |  58.9
    Crypt:1 |   26532 |       0 |   0.0 |      47 |       0 |   0.0
    Crypt:2 |   23444 |    5038 |  17.7 |      32 |       3 |   8.6
    Crypt:3 |       0 |   76676 | 100.0 |       0 |     123 | 100.0
   Depths:1 |   21291 |    8218 |  27.8 |      23 |      39 |  62.9
   Depths:2 |   28873 |   27772 |  49.0 |      36 |      50 |  58.1
   Depths:3 |   31964 |   17101 |  34.9 |      37 |      10 |  21.3
   Depths:4 |   64677 |  112441 |  63.5 |      72 |      78 |  52.0
   Depths:5 |   52402 |   19732 |  27.4 |      49 |      13 |  21.0
      Zot:1 |   38781 |   13530 |  25.9 |      23 |       5 |  17.9
      Zot:2 |    6905 |       0 |   0.0 |       4 |       0 |   0.0
    Abyss:1 |   13439 |       0 |   0.0 |      37 |       0 |   0.0
    Abyss:2 |     631 |       0 |   0.0 |       1 |       0 |   0.0
    Abyss:3 |    2298 |       0 |   0.0 |       1 |       0 |   0.0
    Abyss:4 |   13296 |       0 |   0.0 |      32 |       0 |   0.0
    Abyss:5 |   40301 |   31071 |  43.5 |     105 |      29 |  21.6
     Bailey |       0 |    4776 | 100.0 |       0 |      69 | 100.0
    Volcano |       0 |    3917 | 100.0 |       0 |       7 | 100.0
   Gauntlet |       0 |    5354 | 100.0 |       0 |      10 | 100.0
            +---------+---------+-------+---------+---------+-------
